General information
- name: BNet
- type: Ladder team game (AT/RT)
- host: Battle.net
- saver: Necrowagon
map: Mur'gulOasis
- players: 8
- length: 24:39
- speed: Fast
- version: 1.26 W3XP
- replay type: Public
» download(137 KB)
Players
team 1 (loser)

»
BalinLeholt (
green | 35 APM | 425 actions | 11:59)
3 Crypt Lord
2 Carrion Beetles
1 Spiked Carapace
» actions
| Basic commands | 23 | |
| Build / train | 28 | |
| Enter build submenu | 11 | |
| Enter hero's abilities submenu | 3 | |
| Right click | 212 | |
| Select / deselect | 130 | |
| Use ability | 18 | |
425 total
» units
| Acolyte | 4 | |
| Ghoul | 10 | |
| Makrura Deepseer | 1 | |
| Giant Sea Turtle | 1 | |
16 total
» buildings
| Altar of Darkness | 1 | |
| Ziggurat | 4 | |
| Crypt | 1 | |
| Graveyard | 1 | |
| Tomb of Relics | 1 | |
| Nerubian Tower | 2 | |
| Halls of the Dead | 1 | |
| Spirit Tower | 2 | |
| Black Citadel | 1 | |
14 total
» build order
00:10 Altar of Darkness
00:12 Ziggurat
00:33 Crypt
01:01 Graveyard
01:19 Tomb of Relics
01:29 Ziggurat
01:52 Nerubian Tower
04:22 Halls of the Dead
04:44 Spirit Tower
05:53 Ziggurat
06:47 Black Citadel
07:40 Ziggurat
08:21 Spirit Tower
09:05 Nerubian Tower
» items
| Rod of Necromancy | 1 | |
| Dust of Appearance | 1 | |
2 total
STD_Maker (
yellow | 25 APM | 522 actions | 20:46)
2 Dreadlord
1 Vampiric Aura
1 Sleep
» actions
| Basic commands | 3 | |
| Build / train | 29 | |
| Enter build submenu | 14 | |
| Enter hero's abilities submenu | 2 | |
| Remove unit from queue | 5 | |
| Right click | 280 | |
| Select / deselect | 145 | |
| Use ability | 44 | |
522 total
» units
» upgrades
| Creature Attack | 0 | |
| Creature Carapace | 0 | |
| Unholy Strength | 1 | |
| Unholy Armor | 1 | |
2 total
» buildings
| Ziggurat | 7 | |
| Altar of Darkness | 1 | |
| Crypt | 1 | |
| Halls of the Dead | 1 | |
| Graveyard | 1 | |
| Black Citadel | 1 | |
| Temple of the Damned | 4 | |
| Slaughterhouse | 4 | |
| Spirit Tower | 1 | |
21 total
» build order
00:07 Ziggurat
00:09 Altar of Darkness
00:12 Crypt
01:11 Ziggurat
04:32 Halls of the Dead
04:38 Graveyard
05:11 Ziggurat
05:19 Ziggurat
06:55 Black Citadel
06:58 Temple of the Damned
06:59 Temple of the Damned
07:03 Slaughterhouse
07:04 Slaughterhouse
07:08 Ziggurat
07:13 Ziggurat
07:15 Ziggurat
08:14 Temple of the Damned
08:17 Temple of the Damned
08:21 Slaughterhouse
08:23 Slaughterhouse
09:49 Spirit Tower

»
YourDeadbeatDad (
pink | 39 APM | 967 actions | 24:39)
1 Tauren Chieftain
1 War Stomp
2 Far Seer
1 Feral Spirit
1 Chain Lighting
» actions
| Assign group hotkey | 26 | |
| Basic commands | 4 | |
| Build / train | 30 | |
| ESC pressed | 4 | |
| Enter build submenu | 20 | |
| Enter hero's abilities submenu | 3 | |
| Remove unit from queue | 2 | |
| Right click | 428 | |
| Select / deselect | 211 | |
| Select group hotkey | 208 | |
| Use ability | 31 | |
967 total
» units
| Peon | 7 | |
| Grunt | 9 | |
| Troll Headhunter/Berserker | 5 | |
21 total
» buildings
| Barracks | 1 | |
| Orc Burrow | 4 | |
| Altar of Storms | 1 | |
| Voodoo Lounge | 1 | |
| Stronghold | 1 | |
| War Mill | 1 | |
| Great Hall | 8 | |
17 total
» build order
00:11 Barracks
00:24 Orc Burrow
00:41 Altar of Storms
02:01 Orc Burrow
02:04 Orc Burrow
02:10 Voodoo Lounge
04:59 Stronghold
05:45 War Mill
06:54 Orc Burrow
12:10 Great Hall
12:52 Great Hall
13:31 Great Hall
14:32 Great Hall
14:45 Great Hall
14:52 Great Hall
18:23 Great Hall
19:25 Great Hall
» items

»
MittRomney2012 (
purple | 23 APM | 564 actions | 24:39)
2 Archmage
1 Summon Water Elemental
1 Brilliance Aura
» actions
| Build / train | 17 | |
| Enter build submenu | 6 | |
| Enter hero's abilities submenu | 2 | |
| Right click | 389 | |
| Select / deselect | 131 | |
| Use ability | 19 | |
564 total
» units
» buildings
| Altar of Kings | 1 | |
| Farm | 4 | |
| Arcane Vault | 1 | |
6 total
» build order
02:56 Altar of Kings
02:59 Farm
03:36 Arcane Vault
04:11 Farm
04:54 Farm
05:34 Farm
» items
| Healing Salve | 1 | |
| Lesser Clarity Potion | 1 | |
| Scroll of Town Portal | 1 | |
| Potion of Lesser Invulnerability | 1 | |
| Staff of Teleportation | 1 | |
5 total
team 2 (winner)
bigwata (
blue | 46 APM | 1143 actions | 24:39)
5 Archmage
3 Blizzard
2 Brilliance Aura
3 Paladin
2 Holy Light
1 Divine Shield
» actions
| Assign group hotkey | 39 | |
| Basic commands | 101 | |
| Build / train | 74 | |
| ESC pressed | 1 | |
| Enter build submenu | 25 | |
| Enter hero's abilities submenu | 8 | |
| Give item / drop item | 1 | |
| Right click | 235 | |
| Select / deselect | 253 | |
| Select group hotkey | 339 | |
| Use ability | 67 | |
1143 total
» units
| Peasant | 13 | |
| Footman | 2 | |
| Rifleman | 3 | |
| Mortar Team | 8 | |
| Siege Engine | 6 | |
| Flying Machine | 2 | |
34 total
» upgrades
| Masonry | 1 | |
| Gunpowder | 3 | |
| Armor | 3 | |
| Long Rifles | 1 | |
| Fragmentation Shards | 1 | |
| Flare | 1 | |
| Barrage | 1 | |
| Plating | 2 | |
| Flak Cannons | 1 | |
| Flying Machine Bombs | 1 | |
15 total
» buildings
| Altar of Kings | 1 | |
| Farm | 11 | |
| Scout Tower | 3 | |
| Lumber Mill | 1 | |
| Arcane Tower | 1 | |
| Barracks | 1 | |
| Guard Tower | 2 | |
| Keep | 1 | |
| Blacksmith | 1 | |
| Workshop | 3 | |
| Arcane Vault | 1 | |
| Castle | 1 | |
| Town Hall | 1 | |
28 total
» build order
00:11 Altar of Kings
00:15 Farm
00:57 Farm
01:23 Scout Tower
01:31 Lumber Mill
01:46 Scout Tower
01:50 Arcane Tower
02:12 Barracks
02:36 Guard Tower
02:39 Scout Tower
03:02 Farm
03:08 Guard Tower
04:03 Farm
04:19 Keep
04:26 Blacksmith
05:09 Farm
06:08 Farm
07:22 Workshop
07:30 Workshop
08:55 Workshop
09:00 Arcane Vault
09:02 Castle
09:24 Farm
15:36 Farm
16:31 Farm
17:11 Town Hall
18:17 Farm
20:50 Farm
» items
| Healing Salve | 1 | |
| Potion of Healing | 4 | |
| Orb of Fire | 2 | |
| Scroll of Town Portal | 3 | |
10 total
Necrowagon (
teal | 64 APM | 1575 actions | 24:39)
5 Death Knight
3 Death Coil
2 Unholy Aura
» actions
| Assign group hotkey | 24 | |
| Basic commands | 51 | |
| Build / train | 67 | |
| Enter build submenu | 21 | |
| Enter hero's abilities submenu | 5 | |
| Remove unit from queue | 1 | |
| Right click | 782 | |
| Select / deselect | 276 | |
| Select group hotkey | 297 | |
| Use ability | 51 | |
1575 total
» units
| Acolyte | 2 | |
| Ghoul | 8 | |
| Crypt Fiend | 5 | |
| Gargoyle | 5 | |
| Obsidian Statue | 1 | |
| Abomination | 1 | |
| Meatwagon | 2 | |
| Frost Wyrm | 2 | |
| Makrura Deepseer | 1 | |
| Mur'gul Snarecaster | 2 | |
| Makrura Snapper | 1 | |
30 total
» upgrades
| Creature Attack | 3 | |
| Creature Carapace | 3 | |
| Cannibalize | 1 | |
| Burrow | 1 | |
| Disease Cloud | 1 | |
| Unholy Armor | 1 | |
| Ghoul Frenzy | 1 | |
| Freezing Breath | 1 | |
| Web | 1 | |
| Unholy Strength | 1 | |
14 total
» buildings
| Altar of Darkness | 1 | |
| Ziggurat | 7 | |
| Crypt | 1 | |
| Graveyard | 1 | |
| Nerubian Tower | 1 | |
| Tomb of Relics | 1 | |
| Halls of the Dead | 1 | |
| Spirit Tower | 3 | |
| Black Citadel | 1 | |
| Slaughterhouse | 1 | |
| Sacrificial Pit | 1 | |
| Boneyard | 1 | |
| Necropolis | 2 | |
22 total
» build order
00:06 Altar of Darkness
00:08 Ziggurat
00:35 Crypt
01:05 Graveyard
01:07 Nerubian Tower
01:45 Tomb of Relics
01:50 Ziggurat
04:20 Halls of the Dead
04:34 Spirit Tower
05:01 Ziggurat
05:03 Ziggurat
06:01 Spirit Tower
06:45 Black Citadel
06:55 Slaughterhouse
10:02 Ziggurat
12:55 Spirit Tower
13:40 Sacrificial Pit
14:45 Boneyard
21:22 Ziggurat
21:23 Ziggurat
23:38 Necropolis
24:23 Necropolis
» items
| Rod of Necromancy | 1 | |
| Potion of Healing | 1 | |
| Boots of Speed | 1 | |
| Periapt of Vitality | 1 | |
| Circlet of Nobility | 1 | |
| Scroll of Protection | 1 | |
6 total
JohnRambutt (
orange | 35 APM | 864 actions | 24:39)
5 Blademaster
2 Wind Walk
3 Critical Strike
4 Shadow Hunter
2 Healing Wave
2 Hex
3 Tauren Chieftain
2 Endurance Aura
1 War Stomp
» actions
| Assign group hotkey | 13 | |
| Build / train | 68 | |
| Enter build submenu | 20 | |
| Enter hero's abilities submenu | 12 | |
| Right click | 303 | |
| Select / deselect | 173 | |
| Select group hotkey | 225 | |
| Use ability | 50 | |
864 total
» units
» upgrades
| Pillage | 1 | |
| Spiked Barricades | 3 | |
| Armor | 2 | |
| Ranged Weapons | 3 | |
| Envenomed Spears | 1 | |
| Reinforced Defenses | 1 | |
11 total
» buildings
| Orc Burrow | 8 | |
| Altar of Storms | 1 | |
| War Mill | 2 | |
| Barracks | 1 | |
| Voodoo Lounge | 1 | |
| Watch Tower | 3 | |
| Stronghold | 1 | |
| Fortress | 1 | |
| Beastiary | 2 | |
| Great Hall | 2 | |
22 total
» build order
00:25 Orc Burrow
00:43 Altar of Storms
00:54 War Mill
01:22 Barracks
01:40 Orc Burrow
02:03 Voodoo Lounge
02:43 Watch Tower
03:20 Watch Tower
04:29 Stronghold
05:12 Orc Burrow
05:21 Orc Burrow
06:52 Fortress
06:59 Beastiary
07:06 Beastiary
08:03 Watch Tower
14:24 Orc Burrow
14:31 Great Hall
15:34 Orc Burrow
20:17 Orc Burrow
20:57 Orc Burrow
21:02 War Mill
21:31 Great Hall
» items
| Healing Salve | 3 | |
| Scroll of Speed | 1 | |
| Orb of Lightning | 2 | |
| Boots of Speed | 3 | |
9 total
simmsp (
red | 45 APM | 1117 actions | 24:39)
5 Blademaster
1 Wind Walk
3 Critical Strike
1 Mirror Image
1 Far Seer
1 Far Sight
» actions
| Basic commands | 4 | |
| Build / train | 87 | |
| Enter build submenu | 18 | |
| Enter hero's abilities submenu | 6 | |
| Give item / drop item | 2 | |
| Remove unit from queue | 2 | |
| Right click | 501 | |
| Select / deselect | 393 | |
| Use ability | 104 | |
1117 total
» units
| Peon | 12 | |
| Grunt | 7 | |
| Shaman | 5 | |
| Troll Witch Doctor | 2 | |
| Spirit Walker | 1 | |
| Tauren | 3 | |
| Troll Headhunter/Berserker | 4 | |
34 total
» upgrades
| Armor | 3 | |
| Pillage | 1 | |
| Melee Weapons | 3 | |
| Spiked Barricades | 2 | |
| Ranged Weapons | 2 | |
| Berserker Strength | 1 | |
| Shaman Training | 2 | |
| Witch Doctor Training | 2 | |
| Spirit Walker Training | 2 | |
| Troll Regeneration | 1 | |
| Berserker Upgrade | 1 | |
20 total
» buildings
| Orc Burrow | 8 | |
| Altar of Storms | 1 | |
| Barracks | 1 | |
| War Mill | 1 | |
| Voodoo Lounge | 1 | |
| Stronghold | 3 | |
| Spirit Lodge | 2 | |
| Fortress | 1 | |
| Tauren Totem | 1 | |
| Great Hall | 1 | |
| Watch Tower | 2 | |
22 total
» build order
00:18 Orc Burrow
00:25 Altar of Storms
00:56 Barracks
01:45 War Mill
02:11 Orc Burrow
02:37 Voodoo Lounge
04:42 Stronghold
04:42 Stronghold
04:43 Stronghold
04:51 Orc Burrow
05:38 Orc Burrow
07:58 Spirit Lodge
08:11 Spirit Lodge
09:07 Fortress
11:13 Orc Burrow
15:06 Tauren Totem
18:24 Orc Burrow
18:30 Great Hall
21:40 Watch Tower
21:58 Watch Tower
23:31 Orc Burrow
24:01 Orc Burrow
» items
| Healing Salve | 6 | |
| Lesser Clarity Potion | 2 | |
| Potion of Healing | 3 | |
| Scroll of Speed | 3 | |
| Scroll of Town Portal | 1 | |
| Orb of Lightning | 4 | |
19 total
Chat log
(00:14 / All) Necrowagon: Hey mitt are you afk like last time I was in a game with you
(00:22 / All) Necrowagon: Trying to imitate your presidential term?
(00:30 / Allies) Necrowagon: 3v4 probably get ready to defend a rush
(00:32 / Allies) Necrowagon: played him before
(01:00 / All) Necrowagon: I am ready for your rush sirs, he is no doubt afk from the game I played with him
(01:35 / All) BalinLeholt: unitsd?>
(01:42 / All) Necrowagon: The ones to defend a rush!
(01:53 / Allies) simmsp: grunts, shams taureeen
(02:10 / Allies) Necrowagon: Purp is 99% afk, get ready to rush
(02:13 / Allies) Necrowagon: er, defend one
(02:16 / Allies) Necrowagon: No straight tech
(02:19 / Allies) simmsp: blue
(02:20 / Allies) simmsp: out
(02:21 / Allies) simmsp: out
(02:21 / Allies) simmsp: out
(02:23 / Allies) simmsp: blue
(02:23 / Allies) simmsp: out
(03:14 / All) MittRomney2012: my name is mitt romney and i support this message
(03:16 / Allies) bigwata: units ?
(03:22 / All) Necrowagon: Oh you're back
(03:25 / All) STD_Maker: thought he was afk you fucking moron Lol
(03:36 / All) Necrowagon: I played a game where he was afk
(03:38 / All) Necrowagon: He probably just got back
(03:44 / All) MittRomney2012: afk all day
(03:46 / All) MittRomney2012: fags
(03:48 / All) MittRomney2012: get some
(04:14 / All) MittRomney2012: what a nub
(04:18 / All) Necrowagon: bad place for a far seer to be
(05:12 / All) MittRomney2012: green is a tker gg
(05:16 / All) Necrowagon: gg wp
(05:19 / All) MittRomney2012: must be an obama agent
(05:19 / All) bigwata: fuck obama
(05:19 / All) Necrowagon: And yellow is making STDs while afk
(05:26 / All) STD_Maker: YEAH
(05:43 / All) Necrowagon: sick sleep
(05:49 / All) MittRomney2012: green is mad lol
(06:02 / All) Necrowagon: lmao
(06:04 / All) Necrowagon: 3 wasted sleeps
(06:11 / All) STD_Maker: Didn't waste.
(06:16 / All) STD_Maker: Their free.
(06:17 / All) Necrowagon: Did nothing but hp damage for 300 mana
(06:20 / All) Necrowagon: I'll take that any day
(06:36 / All) BalinLeholt: cvant wait to vote for you mit LOV YA
(06:47 / All) MittRomney2012: u mad
(07:01 / Allies) simmsp: hit
(07:02 / All) BalinLeholt: no i will voite for ya
(07:04 / All) bigwata: i hate obama
(07:05 / Allies) Necrowagon: sure
(07:07 / All) MittRomney2012: u mad
(07:08 / Allies) Necrowagon: hit yellow he is etch imo
(07:27 / All) STD_Maker: purp got my vote.
(07:42 / Allies) simmsp: blue
(07:43 / All) Necrowagon: No necrowagon for you
(07:45 / Allies) simmsp: don't strom on my shit
(07:48 / All) MittRomney2012: get owned obana nut hugger
(07:55 / Allies) bigwata: dont walk under my storm
(08:04 / Allies) simmsp: i was standing there fighting
(08:05 / Allies) simmsp: you idiot
(08:10 / Allies) bigwata: no u moved
(08:12 / Allies) bigwata: moron
(08:15 / Allies) simmsp: we
(08:29 / All) Necrowagon: Gargoyles gg
(08:35 / All) Necrowagon: You killed Mitt you lost
(08:41 / All) Necrowagon: No change for you
(08:43 / All) Necrowagon: Obama in charge
(08:54 / All) MittRomney2012: obama will save us
(08:58 / All) MittRomney2012: just pray
(09:01 / All) STD_Maker: LOL
(09:09 / All) STD_Maker: Pray to obongo.
(09:13 / All) bigwata: pray allah
(09:22 / All) STD_Maker: Praise satan.
(09:33 / All) bigwata: a muslim for president .... lame
(09:37 / All) STD_Maker: ^
(10:16 / All) STD_Maker: bored lol.
(10:17 / All) Necrowagon: I love the acolyte jerking itself off
(10:26 / All) STD_Maker: yeah it's sexy
(10:32 / All) MittRomney2012: my team fails like obama
(10:33 / All) Necrowagon: i fap to acolytes every night
(10:40 / All) STD_Maker: Lololol
(10:42 / All) YourDeadbeatDad: mitt romney is such a homo
(10:48 / All) YourDeadbeatDad: does he even know what hes saying half the time?
(10:50 / All) MittRomney2012: clearly u are mad
(11:44 / Allies) simmsp: blue
(11:45 / Allies) simmsp: out
(11:46 / Allies) simmsp: out
(11:47 / Allies) simmsp: out
(12:00 / All) Necrowagon: What is that nigger doing fighting crustaceans
(12:01 / All) MittRomney2012: green was owned lol
(12:08 / All) STD_Maker: LOL
(12:30 / All) bigwata: im d shit
(12:34 / All) Necrowagon: Dick shit?
(12:46 / All) MittRomney2012: fags
(12:49 / All) Necrowagon: gg wp
(12:52 / All) Necrowagon: You were the most pro imo
(13:27 / All) Necrowagon: I must have had 0 apm this game I did barely anything due to the circumstances
(13:33 / All) STD_Maker: I'm winning.
(13:52 / All) Necrowagon: Purple was the mvp of this game
(14:08 / All) STD_Maker: no way bro, i unsummoned everything for the win
(14:19 / All) Necrowagon: Purple won you it
(14:23 / All) MittRomney2012: boner
(14:32 / All) MittRomney2012: romney 2012
(14:34 / All) MittRomney2012: get some
(14:38 / All) Necrowagon: boners 2012
(14:43 / All) STD_Maker: get some
(15:01 / All) STD_Maker: this was best game all day.
(15:02 / All) Necrowagon: Level 3 coil but nothing to nuke
(15:04 / All) Necrowagon: I agree
(15:06 / All) YourDeadbeatDad: i agree
(15:39 / All) STD_Maker: straight up fucked off this entire game lol
(15:45 / All) Necrowagon: Very strange match
(15:52 / All) MittRomney2012: get some red
(15:55 / All) Necrowagon: I might get a frost wyrm out
(16:02 / All) STD_Maker: Rofl purp
(16:03 / All) bigwata: u mad pimple ?
(16:12 / All) MittRomney2012: owned u
(16:13 / All) Necrowagon: You need xp
(16:15 / All) Necrowagon: Kill my stuff
(16:31 / All) STD_Maker: Lolol
(16:38 / All) STD_Maker: this is fucking pr0
(16:41 / All) MittRomney2012: why u do dat
(16:47 / All) Necrowagon: I want my wyrm
(17:07 / All) MittRomney2012: owned
(17:09 / All) YourDeadbeatDad: golly gee!
(17:13 / All) Necrowagon: uh-oh un-win hacks!
(17:14 / All) STD_Maker: Lolol
(17:18 / All) Necrowagon: Just kidding
(17:25 / All) Necrowagon: Had someone blame that on me once when I tree hided
(17:27 / All) Necrowagon: with a tree of life
(17:32 / All) MittRomney2012: green fucked us with his obama nut hugging
(17:39 / All) STD_Maker: LOL
(17:42 / All) Necrowagon: Green was a muslim apologist
(17:47 / All) STD_Maker: ^
(17:48 / All) Necrowagon: We are creeping mid lulz
(18:08 / All) Necrowagon: I have a wyrm and frost breath soon
(18:11 / All) STD_Maker: I think green loved obongo.
(18:19 / All) bigwata: uma d
(18:20 / All) MittRomney2012: vote romeny if you have a big cock
(18:22 / All) Necrowagon: Now just need 6 periapts
(18:50 / All) Necrowagon: Fuck, why did you put it near the shop
(18:53 / All) MittRomney2012: obama likes to suck muslim dick
(19:01 / All) bigwata: u mad
(19:09 / All) STD_Maker: Blue's mad.
(19:10 / All) MittRomney2012: no u?
(19:15 / All) bigwata: no u ?
(19:33 / All) STD_Maker: Mitt's gonna pull out the drop hack for the win.
(19:35 / All) MittRomney2012: blue jerks off to obama speeches u mad?
(19:36 / All) STD_Maker: Pr0
(19:48 / All) MittRomney2012: soon
(20:02 / All) Necrowagon: Red is expoing
(20:10 / All) Necrowagon: Must think you have hidden 100/100 wyrms
(20:13 / All) bigwata: purple cut is penis skin for obama u mad ?
(20:15 / All) MittRomney2012: red is a slack jawed faggot
(20:16 / All) Necrowagon: I better get web
(20:20 / All) STD_Maker: Good luck guys I'm out
(20:24 / All) Necrowagon: cyu
(20:30 / All) YourDeadbeatDad: cyaaaaa
(20:30 / All) STD_Maker: Saving replay Lol
(20:34 / All) Necrowagon: Same
(20:36 / All) STD_Maker: peace
(20:36 / All) Necrowagon: highper.ch
(20:37 / All) MittRomney2012: u mad my cock doesnt look like an anteater?
(20:48 / All) Necrowagon: I need mercs
(20:51 / All) Necrowagon: Army too small
(20:54 / All) Necrowagon: Full merc army is pro
(21:01 / All) YourDeadbeatDad: mitt's dick is too limp
(21:03 / All) bigwata: ur dick is so small u pee on ur own ballz u mad ???
(21:13 / All) MittRomney2012: mitt is hung like a moose
(21:36 / All) MittRomney2012: obama is married to a beast he has a small cock
(21:42 / All) MittRomney2012: it is obv
(22:00 / All) Necrowagon: Blue killed all of my base
(22:03 / All) Necrowagon: Obama apologist
(22:05 / All) YourDeadbeatDad: red
(22:06 / All) bigwata: u mad ?
(22:09 / All) YourDeadbeatDad: im helping u out here
(22:14 / All) Necrowagon: I'm quivering in fear over a "u mad" meme
(23:01 / All) Necrowagon: What is going on
(23:08 / All) Necrowagon: I am so confused
(23:50 / All) MittRomney2012: the us will collapse under obama
(23:54 / All) MittRomney2012: please save us mitt
(24:01 / All) YourDeadbeatDad: mitt please save us
(24:06 / All) Necrowagon: vermin supreme is another good option
(24:09 / All) YourDeadbeatDad: once u figure out what you believe in
(24:12 / All) Necrowagon: he would provide free ponies for all americans
(24:12 / All) MittRomney2012: mitt owns all
(24:14 / All) YourDeadbeatDad: please mitt
(24:16 / All) YourDeadbeatDad: PLEASE
(24:19 / All) YourDeadbeatDad: PLEASE
(24:22 / All) MittRomney2012: pink is mad
(24:28 / All) MittRomney2012: obama nut hugger please go
(24:29 / All) YourDeadbeatDad: no im pink
(24:36 / All) YourDeadbeatDad: what
(24:38 / All) YourDeadbeatDad: orange